cohdb
Replays
Latest Replays
All Replays
Popular Replays
Top Player Replays
Match Explorer
How It Works
Community
CoH3 Stats
Reddit
Sign in to upload your games and track your stats! →
Sign in with Steam
Match 44906503
Unlisted
Match 44906503
Overview
Messages
Build Orders
End
Construct Section Command Post
Selects Canadian Shock Battlegroup
Dingo Light Scout Car
Infantry Section
Infantry Section
Infantry Section
Selects Incendiary Munitions
Construct Platoon Command Post
Infantry Section
Humber Armored Car
Selects Pyrotechnics
Grenade Package
Selects Attacking Spirit
Selects Canadian Shock Section
Canadian Shock Section
6-pounder Anti-tank Gun Team
J3WN1AL8T0R
咚咚锵个腿
0
0
Comments
sign in to comment!
No comments posted yet!